AoeStats
← Baladin

Black Forest

509598690Analyzed
4v4 RM · 6d ago on Sep 27, 2026· 40m 13s· 8 players
Game mode
Random Map
Map size
Large (8 player)
Population
200
Speed
Normal
Resources
Standard
Victory
Conquest
Starting age
Dark Age
Ending age
Imperial Age
RankedLock teamsTeams togetherTeam positionsShared explorationLock speedFull tech treeHidden civsTurbo modeCheats
Victory
Defeat
🇨🇳 Magyars · China
1329
+11
🇨🇭 Huns · Switzerland
1277
+13
🇩🇪 Vietnamese · Germany
1267
+14
🇨🇳 Tatars · China
1266
+14
🇫🇷 Persians · France
1352
-18
🇹🇼 Danes · Taiwan
1275
-15
🇹🇼 Bohemians · Taiwan
1199
-12
🇹🇼 Lithuanians · Taiwan
1054
-7
717504720
10:12 Feudal Age
14:03 Castle Age
12:50 Double-Bit Axe
12:51 Horse Collar
16:45 Bow Saw
17:51 Heavy Plow
22:27 Wheelbarrow
21:47 Gold Mining
22:27 Stone Mining
24:43 Hand Cart
29:23 Imperial Age
27:25 Fletching
27:56 Ballistics
28:03 Bodkin Arrow
28:08 Padded Archer Armor
27:50 Treadmill Crane
29:46 Bloodlines
29:36 Husbandry
29:46 Loom
29:46 Town Watch
30:07 Bracer
31:08 Chemistry
31:27 Conscription
31:11 Silk Armor
31:24 Timurid Siegecraft
31:23 Siege Engineers
31:49 Guilds
32:05 Caravan
33:07 Leather Archer Armor
33:02 Heavy Cavalry Archer
34:25 Masonry
34:47 Ring Archer Armor
35:24 Coinage
36:01 Murder Holes
39:05 Banking
Pancho
11:08 Feudal Age
15:13 Castle Age
13:01 Double-Bit Axe
12:57 Horse Collar
17:47 Heavy Plow
18:24 Bow Saw
20:35 Loom
23:34 Stone Mining
23:35 Gold Mining
24:25 Wheelbarrow
25:36 Hand Cart
28:02 Imperial Age
26:03 Ballistics
26:33 Scale Barding Armor
26:39 Forging
27:14 Husbandry
27:26 Bloodlines
28:18 Chain Barding Armor
28:06 Cavalier
29:33 Iron Casting
30:08 Two-Man Saw
30:00 Gold Shaft Mining
31:01 Chemistry
30:11 Masonry
30:39 Plate Barding Armor
30:48 Marauders
31:09 Conscription
31:25 Guilds
31:52 Coinage
33:03 Blast Furnace
31:51 Capped Ram
33:38 Banking
32:51 Elite Tarkan
33:05 Paladin
34:53 Town Watch
38:20 Caravan
37:52 Siege Ram
fastgg
6:44 Loom
8:58 Feudal Age
9:17 Man-at-Arms
9:48 Arson
12:08 Horse Collar
13:19 Double-Bit Axe
19:56 Castle Age
21:07 Bow Saw
20:57 Heavy Plow
23:16 Wheelbarrow
24:53 Stone Mining
24:54 Gold Mining
29:30 Imperial Age
26:51 Fletching
27:02 Padded Archer Armor
27:29 Bodkin Arrow
28:09 Crossbowman
29:00 Forging
29:45 Ballistics
30:15 Bracer
31:34 Chemistry
30:48 Arbalester
33:09 Thumb Ring
33:46 Leather Archer Armor
33:15 Elite Skirmisher
34:36 Sappers
37:08 Town Watch
37:39 Hand Cart
38:18 Imperial Skirmisher
39:42 Ring Archer Armor
40:55 Scale Barding Armor
40:50 Scale Mail Armor
41:25 Iron Casting
bleakshadow
0:49 Loom
11:24 Feudal Age
17:58 Castle Age
16:22 Double-Bit Axe
16:57 Horse Collar
19:17 Bow Saw
19:37 Gold Mining
19:57 Heavy Plow
21:29 Corvinian Army
24:59 Scale Barding Armor
25:03 Gold Mining
27:06 Chain Barding Armor
28:51 Wheelbarrow
31:40 Stone Mining
35:28 Imperial Age
33:22 Fletching
34:41 Masonry
34:51 Bodkin Arrow
34:57 Padded Archer Armor
36:14 Hand Cart
37:43 Two-Man Saw
37:23 Crop Rotation
37:46 Ballistics
37:53 Conscription
38:47 Plate Barding Armor
38:12 Bracer
37:47 Elite Magyar Huszar
39:29 Leather Archer Armor
39:21 Husbandry
40:07 Bloodlines
福
9:36 Loom
11:46 Feudal Age
16:36 Castle Age
15:58 Wheelbarrow
15:27 Double-Bit Axe
16:24 Wheelbarrow
18:11 Bow Saw
19:18 Horse Collar
29:01 Imperial Age
28:01 Gold Mining
28:10 Treadmill Crane
28:42 Scale Barding Armor
30:19 Conscription
29:29 Elite Leitis
30:32 Conscription
29:33 Elite Leitis
31:36 Two-Man Saw
30:42 Heavy Plow
31:08 Chain Barding Armor
31:00 Forging
31:39 Ballistics
32:24 Plate Barding Armor
33:10 Hand Cart
33:55 Iron Casting
34:48 Squires
35:46 Tower Shields
36:39 Thumb Ring
35:55 Elite Skirmisher
37:45 Fletching
38:59 Chemistry
39:41 Bodkin Arrow
SBZ
0:29 Loom
12:13 Feudal Age
27:45 Castle Age
26:38 Town Watch
26:50 Fletching
27:21 Double-Bit Axe
33:16 Fortified Wall
39:47 Imperial Age
oioi55669
8:45 Loom
11:49 Feudal Age
16:21 Castle Age
16:21 Horse Collar
16:28 Double-Bit Axe
17:28 Bow Saw
18:37 Stone Mining
25:56 Wheelbarrow
25:37 Gold Mining
26:56 Heavy Plow
31:00 Imperial Age
29:24 Forging
29:14 Scale Mail Armor
29:57 Squires
29:42 Gambesons
29:42 Arson
31:08 Gold Shaft Mining
31:08 Stone Shaft Mining
30:16 Hamask
31:36 Iron Casting
31:16 Chain Mail Armor
30:52 Pikeman
32:03 Conscription
31:42 Halberdier
32:24 Onager
33:25 Elite Varangian Guard
35:11 Hand Cart
36:59 Blast Furnace
36:29 Plate Mail Armor
36:59 Blast Furnace
Baladin
0:36 Loom
12:08 Feudal Age
16:55 Castle Age
15:45 Double-Bit Axe
15:42 Horse Collar
25:52 Wheelbarrow
36:14 Imperial Age
34:08 Hand Cart
34:38 Forging
33:58 Elite Skirmisher
34:31 Fletching
34:47 Scale Barding Armor
35:53 Bloodlines
36:02 Caravan
36:44 Elite War Elephant
38:24 Husbandry
39:20 Heavy Plow
Connection lost

Rejoining the realm…

Still unreachable

The connection could not be restored.

Session expired

The server has moved on; the page needs a fresh start.